Canadiens vs Islanders
Created - April 3, 2022 at 19:25
Goals
|
| Canadiens |
3 |
2 |
2 |
7 |
| Islanders |
1 |
3 |
2 |
6 |
|
Shots
|
| Canadiens |
10 |
14 |
5 |
29 |
| Islanders |
7 |
13 |
12 |
32 |
|
1st period
1. Canadiens , Mika Zibanejad 23 (Chris Kreider 34, John Carlson 21) at 4:15
2. Islanders , Craig Smith 12 (Fedor Tyutin 15, Pierre-Edouard Bellemare 8) at 6:05
3. Canadiens , Daniel Carcillo 8 (Dave Bolland 10) at 13:49
4. Canadiens , Chris Kreider 32 (Mika Zibanejad 26, Phil Kessel 26) at 19:16 (PP)
Penalties :
Craig Smith (NyI) for Interference (Minor) at 6:47, Fedor Tyutin (NyI) for Slashing (Minor) at 16:07, Andrew Shaw (NyI) for Tripping (Minor) at 19:04
2nd period
5. Canadiens , Steve Downie 10 (Greg Stewart 22, Jean-Gabriel Pageau 19) at 0:08
6. Islanders , Sergei Plotnikov 9 (Ryan Ellis 45) at 7:14
7. Canadiens , Steve Downie 11 (Jean-Gabriel Pageau 20, Greg Stewart 23) at 7:32
8. Islanders , Andrew Shaw 8 (Michael Latta 9, Justin Falk 2) at 10:48
9. Islanders , William Karlsson 8 (Rick Nash 21, Sergei Plotnikov 8) at 17:29 (PP)
Penalties :
Fedor Tyutin (NyI) for Slashing (Minor) at 8:38, Rick Nash (NyI) for Slashing (Minor) at 11:34, Craig Smith (NyI) for Hooking (Minor) at 14:49, John Carlson (Mon) for Hooking (Minor) at 16:44, Melker Karlsson (NyI) for High sticking (Minor) at 18:15
3rd period
10. Canadiens , Chris Kreider 33 (Mika Zibanejad 27) at 0:28
11. Islanders , Vladimir Tarasenko 34 (Ryan Ellis 46, Brock McGinn 8) at 1:11
12. Canadiens , Greg Stewart 20 (Jean-Gabriel Pageau 21) at 12:44
13. Islanders , Sergei Plotnikov 10 (Ryan Ellis 47) at 14:22
Penalties :
Phil Kessel (Mon) for Hooking (Minor) at 1:30, Nick Spaling (Mon) for Interference (Minor) at 6:14, Bryce Lampman (Mon) for High sticking (Minor) at 15:33, Cam Fowler (Mon) for Cross-checking (Minor) at 19:23
Goalie Stats
Allen York (Mon), 26 saves from 32 shots - (0.813), W, 5-3-0, 60:00 minutes
Julien Ellis (NyI), 15 saves from 18 shots - (0.833), L, 3-4-1, 38:54 minutes
Keith Kinkaid (NyI), 7 saves from 11 shots - (0.636), 20:08 minutes
Players Stats for Canadiens
Player Name G A P +/- PIM S H SB GA TA FO MP PP MP PK MP
------------------------------------------------------------------------------------
Brian Dumoulin 0 0 0 -2 0 0 0 0 0 0 0/0 7:49 0:00 0:00
Bryce Lampman 0 0 0 3 2 2 0 1 0 0 0/0 24:16 5:52 2:05
Cam Fowler 0 0 0 0 2 0 1 3 1 3 0/0 26:33 6:10 3:48
Chad Larose 0 0 0 -1 0 0 0 0 0 0 0/0 6:22 0:15 1:22
Chris Kreider 2 1 3 2 0 6 1 0 0 0 1/4 23:35 5:43 4:30
Daniel Carcillo 1 0 1 -3 0 1 0 0 0 0 0/0 10:00 0:00 0:00
Dave Bolland 0 1 1 -3 0 1 2 0 0 0 5/9 11:55 0:30 1:13
Greg Stewart 1 2 3 3 0 4 2 1 1 0 2/5 20:11 6:04 1:22
Jean-Gabriel Pageau 0 3 3 3 0 5 2 0 1 0 18/30 23:24 5:58 4:24
John Carlson 0 1 1 3 2 0 2 0 0 1 0/0 26:34 6:09 2:09
Jordan Szwarz 0 0 0 -1 0 1 0 0 0 0 0/0 4:43 0:15 0:00
Mark Stuart 0 0 0 0 0 0 2 2 0 1 0/0 25:39 5:52 5:05
Mats Zuccarello 0 0 0 -3 0 0 1 0 0 0 0/0 9:45 0:00 0:00
Mika Zibanejad 1 2 3 2 0 3 2 0 0 1 8/18 19:58 5:34 1:37
Nick Spaling 0 0 0 -1 2 1 1 0 0 0 0/1 5:24 0:00 0:00
Phil Kessel 0 1 1 2 2 1 1 0 1 0 0/0 18:26 5:43 0:00
Philip Larsen 0 0 0 -2 0 0 0 0 0 0 0/0 9:07 0:00 1:21
Steve Downie 2 0 2 3 0 4 4 0 1 0 0/0 18:56 6:04 0:00
Players Stats for Islanders
Player Name G A P +/- PIM S H SB GA TA FO MP PP MP PK MP
------------------------------------------------------------------------------------
Andrew Shaw 1 0 1 1 2 1 0 0 0 0 0/0 6:36 0:03 0:00
Brock McGinn 0 1 1 -2 0 5 2 0 1 0 0/1 21:20 4:58 2:21
Craig Smith 1 0 1 3 4 1 1 0 1 0 0/0 7:37 0:08 0:00
Fedor Tyutin 0 1 1 -1 4 0 2 1 0 0 0/0 18:18 1:44 3:51
Frans Nielsen 0 0 0 -2 0 3 3 0 0 0 15/28 23:34 4:58 4:21
Justin Falk 0 1 1 0 0 0 0 0 0 0 0/0 12:05 0:00 2:03
Marc-Édouard Vlasic 0 0 0 -1 0 1 0 0 0 0 0/0 9:06 0:00 0:00
Melker Karlsson 0 0 0 2 2 0 1 1 0 0 2/6 8:23 0:00 1:15
Michael Latta 0 1 1 1 0 1 0 0 0 0 1/3 6:10 0:00 0:12
Nikita Zadorov 0 0 0 0 0 0 1 0 0 1 0/0 20:55 1:44 5:54
Pierre-Edouard Bellemare 0 1 1 -2 0 3 0 0 0 0 0/1 15:50 0:00 3:42
Rick Nash 0 1 1 -3 2 3 2 0 1 1 1/3 20:18 2:13 5:30
Ryan Ellis 0 3 3 0 0 1 2 2 0 1 0/0 29:59 5:30 6:08
Sergei Plotnikov 2 1 3 3 0 2 1 0 1 0 0/0 10:33 2:08 1:15
Vladimir Tarasenko 1 0 1 -3 0 6 0 1 1 0 3/9 25:58 5:03 5:28
William Karlsson 1 0 1 -2 0 2 2 0 1 0 11/16 13:56 2:08 0:00
Yann Sauvé 0 0 0 0 0 3 3 3 0 2 0/0 29:59 5:30 6:08
Zac Rinaldo 0 0 0 1 0 0 1 1 0 0 0/0 7:10 0:03 0:00
3 Stars
1 - Steve Downie (Mon)
2 - Sergei Plotnikov (NyI)
3 - Chris Kreider (Mon)
Power Play
Canadiens - 1 on 7 Attempt(s) - 14.29%
Islanders - 1 on 5 Attempt(s) - 20.00%
Penalty Kill
Canadiens - 4 on 5 Attempt(s) - 80.00%
- Score 0 goal in Penalty Kill
Islanders - 6 on 7 Attempt(s) - 85.71%
- Score 0 goal in Penalty Kill
Team Stat
Canadiens - Hits : 21 - Faceoff Wins : 34 - Blocked Shots : 7 - Penalty Minutes : 10
Islanders - Hits : 21 - Faceoff Wins : 33 - Blocked Shots : 9 - Penalty Minutes : 14
Official
Referees : Michael Markovic and Conor O'Donnell
Linesman : Brian Mach and Scott Cherrey
Game Notes
Julien Ellis enters game at 0:08 of 2nd period
Finance
Level 1 -- Attendance: 5987 (99.78%) -- Ticket Income $598,700
Level 2 -- Attendance: 4811 (96.22%) -- Ticket Income $288,660
Level 3 -- Attendance: 2000 (100.00%) -- Ticket Income $70,000
Level 4 -- Attendance: 3695 (92.38%) -- Ticket Income $92,375
Luxury Box -- Attendance: 948 (94.80%) -- Ticket Income $189,600
Game was played at the Nassau Coliseum.
Total Attendance: 17441 (96.89%)
Total Ticket Income: $1,239,335
Other Income: $185,900
Total Income: $1,425,235
Canadiens
5 vs 5 Forward
Center Left Wing Right Wing Time % Phy DF OF
1 Mika Zibanejad Chris Kreider Phil Kessel 35 0 1 4
2 Jean-Gabriel Pageau Greg Stewart Steve Downie 35 0 1 4
3 Dave Bolland Daniel Carcillo Mats Zuccarello 25 0 2 3
4 Nick Spaling Chad Larose Jordan Szwarz 5 0 3 2
5 vs 5 Defense
Defense Defense Time % Phy DF OF
1 John Carlson Bryce Lampman 40 0 2 3
2 Cam Fowler Mark Stuart 40 0 3 2
3 Philip Larsen Brian Dumoulin 10 0 3 2
4 Cam Fowler John Carlson 10 0 2 3
PowerPlay Forward
Center Left Wing Right Wing Time % Phy DF OF
1 Mika Zibanejad Chris Kreider Phil Kessel 50 0 1 4
2 Jean-Gabriel Pageau Greg Stewart Steve Downie 50 0 1 4
PowerPlay Defense
Defense Defense Time % Phy DF OF
1 Cam Fowler John Carlson 50 0 1 4
2 Bryce Lampman Mark Stuart 50 0 1 4
Penalty Kill 4 Players Forward
Center Wing Time % Phy DF OF
1 Jean-Gabriel Pageau Chris Kreider 60 0 3 2
2 Mika Zibanejad Greg Stewart 40 0 3 2
Penalty Kill 4 Players Defense
Defense Defense Time % Phy DF OF
1 Cam Fowler Mark Stuart 60 0 3 2
2 Bryce Lampman John Carlson 40 0 3 2
Penalty Kill - 3 Players Forward
Forward Time % Phy DF OF
1 Jean-Gabriel Pageau 60 1 4 0
2 Nick Spaling 40 0 4 1
Penalty Kill - 3 Players Defense
Defense Defense Time % Phy DF OF
1 Cam Fowler Philip Larsen 60 0 4 1
2 Bryce Lampman Mark Stuart 40 0 4 1
4 vs 4 Forward
Center Wing Time % Phy DF OF
1 Jean-Gabriel Pageau Chris Kreider 60 0 2 3
2 Mika Zibanejad Greg Stewart 40 0 2 3
4 vs 4 Defense
Defense Defense Time % Phy DF OF
1 Cam Fowler John Carlson 60 0 2 3
2 Bryce Lampman Mark Stuart 40 0 2 3
Last Minutes Offensive
Center Left Wing Right Wing Defense Defense
Mika Zibanejad Chris Kreider Phil Kessel Cam Fowler John Carlson
Last Minutes Defensive
Center Left Wing Right Wing Defense Defense
Jean-Gabriel Pageau Chris Kreider Phil Kessel Cam Fowler Mark Stuart
Goaltenders
Starting : Allen York
Backup : Kristers Gudlevskis
Extra Forwards
Normal : Mika Zibanejad, Steve Downie, Daniel Carcillo - PP : Mika Zibanejad, Steve Downie - PK : Mika Zibanejad
Extra Defensemen
Normal : Mark Stuart, Philip Larsen, Brian Dumoulin - PP : Mark Stuart - PK : Mark Stuart, Philip Larsen
Penalty Shots
Chris Kreider, Mika Zibanejad, Phil Kessel, Greg Stewart, Mats Zuccarello
Scratches
None
Islanders
5 vs 5 Forward
Center Left Wing Right Wing Time % Phy DF OF
1 Frans Nielsen Brock McGinn Vladimir Tarasenko 40 1 2 2
2 William Karlsson Pierre-Edouard Bellemare Rick Nash 30 1 2 2
3 Melker Karlsson Sergei Plotnikov Craig Smith 20 1 2 2
4 Michael Latta Zac Rinaldo Andrew Shaw 10 1 2 2
5 vs 5 Defense
Defense Defense Time % Phy DF OF
1 Ryan Ellis Yann Sauvé 40 1 2 2
2 Fedor Tyutin Nikita Zadorov 30 1 2 2
3 Marc-Édouard Vlasic Justin Falk 20 1 2 2
4 Ryan Ellis Yann Sauvé 10 1 2 2
PowerPlay Forward
Center Left Wing Right Wing Time % Phy DF OF
1 Frans Nielsen Brock McGinn Vladimir Tarasenko 60 1 2 2
2 William Karlsson Sergei Plotnikov Rick Nash 40 1 2 2
PowerPlay Defense
Defense Defense Time % Phy DF OF
1 Ryan Ellis Yann Sauvé 60 1 2 2
2 Fedor Tyutin Nikita Zadorov 40 1 2 2
Penalty Kill 4 Players Forward
Center Wing Time % Phy DF OF
1 Vladimir Tarasenko Rick Nash 60 1 2 2
2 Frans Nielsen Pierre-Edouard Bellemare 40 1 2 2
Penalty Kill 4 Players Defense
Defense Defense Time % Phy DF OF
1 Ryan Ellis Yann Sauvé 60 1 2 2
2 Fedor Tyutin Nikita Zadorov 40 1 2 2
Penalty Kill - 3 Players Forward
Forward Time % Phy DF OF
1 Vladimir Tarasenko 60 1 2 2
2 Rick Nash 40 1 2 2
Penalty Kill - 3 Players Defense
Defense Defense Time % Phy DF OF
1 Ryan Ellis Yann Sauvé 60 1 2 2
2 Fedor Tyutin Nikita Zadorov 40 1 2 2
4 vs 4 Forward
Center Wing Time % Phy DF OF
1 Vladimir Tarasenko Rick Nash 60 1 2 2
2 Frans Nielsen Pierre-Edouard Bellemare 40 1 2 2
4 vs 4 Defense
Defense Defense Time % Phy DF OF
1 Ryan Ellis Yann Sauvé 60 1 2 2
2 Fedor Tyutin Nikita Zadorov 40 1 2 2
Last Minutes Offensive
Center Left Wing Right Wing Defense Defense
Frans Nielsen Pierre-Edouard Bellemare Vladimir Tarasenko Ryan Ellis Yann Sauvé
Last Minutes Defensive
Center Left Wing Right Wing Defense Defense
Frans Nielsen Pierre-Edouard Bellemare Vladimir Tarasenko Ryan Ellis Yann Sauvé
Goaltenders
Starting : Keith Kinkaid
Backup : Julien Ellis
Extra Forwards
Normal : Zac Rinaldo, Craig Smith, Brock McGinn - PP : Zac Rinaldo, Craig Smith - PK : Brock McGinn
Extra Defensemen
Normal : Marc-Édouard Vlasic, Justin Falk, Fedor Tyutin - PP : Marc-Édouard Vlasic - PK : Justin Falk, Fedor Tyutin
Penalty Shots
Vladimir Tarasenko, Rick Nash, Frans Nielsen, Pierre-Edouard Bellemare, Sergei Plotnikov
Scratches
Carl Klingberg (Healthy), Jiri Hudler (Healthy), Ryan Miller (Healthy)
% Time on Ice - Canadiens
Lines # - Real PCT - Wanted PCT - Time Play
Normal Forward
1 - 33% - 35% - 13:07
2 - 32% - 35% - 12:45
3 - 24% - 25% - 9:45
4 - 11% - 5% - 4:28
Normal Defense
1 - 40% - 40% - 15:55
2 - 37% - 40% - 14:45
3 - 19% - 10% - 7:32
4 - 5% - 10% - 1:53
PP Forward
1 - 50% - 50% - 5:58
2 - 50% - 50% - 6:04
PP Defense
1 - 51% - 50% - 6:10
2 - 49% - 50% - 5:52
PK Forward
1 - 81% - 60% - 5:52
2 - 19% - 40% - 1:22
PK Defense
1 - 61% - 60% - 4:24
2 - 39% - 40% - 2:50
PK3 Forward
1 - 0% - 60%
2 - 0% - 40%
PK3 Defense
1 - 0% - 60%
2 - 0% - 40%
44 Forward
1 - 100% - 60% - 0:04
2 - 0% - 40% - 0:00
44 Defense
1 - 0% - 60% - 0:00
2 - 100% - 40% - 0:04
Last Minute Offensive - 0:00
Last Minute Defensive - 0:35
Total
Forward - 60:00
Defense - 60:00
|
% Time on Ice - Islanders
Lines # - Real PCT - Wanted PCT - Time Play
Normal Forward
1 - 38% - 40% - 15:01
2 - 30% - 30% - 12:08
3 - 17% - 20% - 6:55
4 - 15% - 10% - 5:58
Normal Defense
1 - 41% - 40% - 16:14
2 - 33% - 30% - 13:17
3 - 23% - 20% - 9:06
4 - 4% - 10% - 1:25
PP Forward
1 - 71% - 60% - 5:06
2 - 29% - 40% - 2:08
PP Defense
1 - 76% - 60% - 5:30
2 - 24% - 40% - 1:44
PK Forward
1 - 69% - 60% - 8:20
2 - 31% - 40% - 3:42
PK Defense
1 - 51% - 60% - 6:08
2 - 49% - 40% - 5:54
PK3 Forward
1 - 0% - 60%
2 - 0% - 40%
PK3 Defense
1 - 0% - 60%
2 - 0% - 40%
44 Forward
1 - 100% - 60% - 0:04
2 - 0% - 40% - 0:00
44 Defense
1 - 100% - 60% - 0:04
2 - 0% - 40% - 0:00
Last Minute Offensive - 0:38
Last Minute Defensive - 0:00
Total
Forward - 60:00
Defense - 60:00
|
Play-by-Play
1st period
0:01 of 1st period - Frans Nielsen wins face-off versus Mika Zibanejad in neutral zone.
0:06 of 1st period - Icing by Bryce Lampman.
0:07 of 1st period - Mika Zibanejad wins face-off versus Frans Nielsen in Canadiens zone.
1:30 of 1st period - Snap shot by Chris Kreider.
1:30 of 1st period - Shot Blocked by Yann Sauvé.
3:26 of 1st period - Slapshot by Chris Kreider.
3:26 of 1st period - Stopped by Keith Kinkaid with a rebound.
4:03 of 1st period - Snap shot by Mika Zibanejad.
4:03 of 1st period - Stopped by Keith Kinkaid with a rebound.
4:05 of 1st period - Slapshot by Bryce Lampman.
4:05 of 1st period - Shot Blocked by Vladimir Tarasenko.
4:07 of 1st period - Slapshot by Bryce Lampman.
4:07 of 1st period - Deflect By Yann Sauvé.
4:07 of 1st period - Stopped by Keith Kinkaid with a rebound.
4:09 of 1st period - Wrist shot by John Carlson.
4:09 of 1st period - Shot Misses the Net.
4:13 of 1st period - Slapshot by Chris Kreider.
4:13 of 1st period - Shot Blocked by Yann Sauvé.
4:15 of 1st period - Snap shot by Mika Zibanejad.
4:15 of 1st period - Goal by Mika Zibanejad - Canadiens : 1 - Islanders : 0.
4:16 of 1st period - Jean-Gabriel Pageau wins face-off versus William Karlsson in neutral zone.
4:19 of 1st period - Pierre-Edouard Bellemare is hit by Mark Stuart.
4:26 of 1st period - Icing by Mark Stuart.
4:27 of 1st period - Greg Stewart wins face-off versus Rick Nash in Canadiens zone.
5:33 of 1st period - Snap shot by Jean-Gabriel Pageau.
5:33 of 1st period - Stopped by Keith Kinkaid without a rebound.
5:34 of 1st period - William Karlsson wins face-off versus Dave Bolland in Islanders zone.
5:34 of 1st period - William Karlsson is hit by Dave Bolland.
6:03 of 1st period - Slapshot by Fedor Tyutin.
6:03 of 1st period - Shot Misses the Net.
6:05 of 1st period - Slapshot by Craig Smith.
6:05 of 1st period - Goal by Craig Smith - Canadiens : 1 - Islanders : 1.
6:06 of 1st period - William Karlsson wins face-off versus Dave Bolland in neutral zone.
6:33 of 1st period - Craig Smith is hit by Greg Stewart and loses puck.
6:47 of 1st period - Minor Penalty to Craig Smith for Interference.
6:48 of 1st period - Melker Karlsson wins face-off versus Jean-Gabriel Pageau in Islanders zone.
7:28 of 1st period - Icing by Jean-Gabriel Pageau.
7:29 of 1st period - Jean-Gabriel Pageau wins face-off versus Michael Latta in Canadiens zone.
8:42 of 1st period - Rick Nash is hit by Steve Downie and loses puck.
8:47 of 1st period - Penalty to Craig Smith is over, Craig Smith is back on ice.
8:56 of 1st period - Off-side.
8:57 of 1st period - Dave Bolland wins face-off versus Michael Latta in neutral zone.
9:18 of 1st period - Slapshot by Marc-Édouard Vlasic.
9:18 of 1st period - Stopped by Allen York with a rebound.
9:20 of 1st period - Snap shot by Andrew Shaw.
9:20 of 1st period - Deflect By Nick Spaling.
9:20 of 1st period - Shot Misses the Net.
9:20 of 1st period - Puck is out of play.
9:21 of 1st period - Melker Karlsson wins face-off versus Nick Spaling in Canadiens zone.
9:28 of 1st period - Wrist shot by Jordan Szwarz.
9:28 of 1st period - Shot Blocked by Melker Karlsson.
10:11 of 1st period - Nikita Zadorov is hit by Steve Downie and loses puck.
10:54 of 1st period - Wrist shot by Mika Zibanejad.
10:54 of 1st period - Shot Misses the Net.
10:56 of 1st period - Snap shot by Chris Kreider.
10:56 of 1st period - Stopped by Keith Kinkaid without a rebound.
10:57 of 1st period - William Karlsson wins face-off versus Jean-Gabriel Pageau in Islanders zone.
11:01 of 1st period - Off-side.
11:02 of 1st period - William Karlsson wins face-off versus Jean-Gabriel Pageau in neutral zone.
11:13 of 1st period - Snap shot by Rick Nash.
11:13 of 1st period - Shot Blocked by Cam Fowler.
11:29 of 1st period - Rick Nash is hit by Mark Stuart and loses puck.
11:42 of 1st period - Wrist shot by Rick Nash.
11:42 of 1st period - Stopped by Allen York without a rebound.
11:43 of 1st period - Jean-Gabriel Pageau wins face-off versus Melker Karlsson in Canadiens zone.
12:35 of 1st period - Wrist shot by Michael Latta.
12:35 of 1st period - Shot Blocked by Cam Fowler.
13:16 of 1st period - Snap shot by Steve Downie.
13:16 of 1st period - Shot Misses the Net.
13:22 of 1st period - Steve Downie is hit by Ryan Ellis and loses puck.
13:41 of 1st period - Wrist shot by Frans Nielsen.
13:41 of 1st period - Stopped by Allen York without a rebound.
13:42 of 1st period - Dave Bolland wins face-off versus Pierre-Edouard Bellemare in Canadiens zone.
13:47 of 1st period - Snap shot by Dave Bolland.
13:47 of 1st period - Stopped by Keith Kinkaid with a rebound.
13:49 of 1st period - Wrist shot by Daniel Carcillo.
13:49 of 1st period - Goal by Daniel Carcillo - Canadiens : 2 - Islanders : 1.
13:50 of 1st period - Rick Nash wins face-off versus Jean-Gabriel Pageau in neutral zone.
14:16 of 1st period - Daniel Carcillo is hit by Yann Sauvé and loses puck.
14:43 of 1st period - Snap shot by Phil Kessel.
14:43 of 1st period - Stopped by Keith Kinkaid without a rebound.
14:44 of 1st period - William Karlsson wins face-off versus Chris Kreider in Islanders zone.
14:50 of 1st period - Off-side.
14:51 of 1st period - William Karlsson wins face-off versus Jean-Gabriel Pageau in neutral zone.
14:54 of 1st period - Snap shot by Pierre-Edouard Bellemare.
14:54 of 1st period - Stopped by Allen York with a rebound.
15:20 of 1st period - Snap shot by Rick Nash.
15:20 of 1st period - Stopped by Allen York with a rebound.
15:22 of 1st period - Wrist shot by Frans Nielsen.
15:22 of 1st period - Deflect By Vladimir Tarasenko.
15:22 of 1st period - Stopped by Allen York without a rebound.
15:23 of 1st period - Dave Bolland wins face-off versus Frans Nielsen in Canadiens zone.
15:23 of 1st period - Dave Bolland is hit by Brock McGinn.
15:49 of 1st period - Nikita Zadorov is hit by Chris Kreider and loses puck.
16:07 of 1st period - Minor Penalty to Fedor Tyutin for Slashing.
16:08 of 1st period - Mika Zibanejad wins face-off versus Vladimir Tarasenko in Islanders zone.
18:07 of 1st period - Penalty to Fedor Tyutin is over, Fedor Tyutin is back on ice.
18:24 of 1st period - Snap shot by Daniel Carcillo.
18:24 of 1st period - Shot Misses the Net.
18:26 of 1st period - Wrist shot by Daniel Carcillo.
18:26 of 1st period - Shot Misses the Net.
19:04 of 1st period - Minor Penalty to Andrew Shaw for Tripping.
19:05 of 1st period - Mika Zibanejad wins face-off versus Vladimir Tarasenko in Islanders zone.
19:16 of 1st period - Wrist shot by Chris Kreider.
19:16 of 1st period - Goal by Chris Kreider - Canadiens : 3 - Islanders : 1.
19:17 of 1st period - Jean-Gabriel Pageau wins face-off versus William Karlsson in neutral zone.
19:23 of 1st period - Off-side.
19:24 of 1st period - Jean-Gabriel Pageau wins face-off versus William Karlsson in neutral zone.
Goals for this period are 3 for Canadiens vs 1 for Islanders.
Shots for this period are 10 for Canadiens vs 7 for Islanders.
2nd period
0:01 of 2nd period - Jean-Gabriel Pageau wins face-off versus William Karlsson in neutral zone.
0:08 of 2nd period - Snap shot by Steve Downie.
0:08 of 2nd period - Goal by Steve Downie - Canadiens : 4 - Islanders : 1.
0:08 of 2nd period - Julien Ellis enters game.
0:09 of 2nd period - Jean-Gabriel Pageau wins face-off versus Rick Nash in neutral zone.
0:26 of 2nd period - Slapshot by Pierre-Edouard Bellemare.
0:26 of 2nd period - Stopped by Allen York without a rebound.
0:27 of 2nd period - Frans Nielsen wins face-off versus Mika Zibanejad in Canadiens zone.
0:28 of 2nd period - Snap shot by Vladimir Tarasenko.
0:28 of 2nd period - Stopped by Allen York with a rebound.
0:30 of 2nd period - Wrist shot by Frans Nielsen.
0:30 of 2nd period - Shot Blocked by Cam Fowler.
0:32 of 2nd period - Slapshot by Vladimir Tarasenko.
0:32 of 2nd period - Stopped by Allen York with a rebound.
0:34 of 2nd period - Snap shot by Frans Nielsen.
0:34 of 2nd period - Shot Misses the Net.
0:36 of 2nd period - Wrist shot by Brock McGinn.
0:36 of 2nd period - Stopped by Allen York with a rebound.
0:38 of 2nd period - Snap shot by Frans Nielsen.
0:38 of 2nd period - Stopped by Allen York without a rebound.
0:39 of 2nd period - Frans Nielsen wins face-off versus Greg Stewart in Canadiens zone.
0:50 of 2nd period - Wrist shot by Frans Nielsen.
0:50 of 2nd period - Stopped by Allen York with a rebound.
1:06 of 2nd period - Dave Bolland is hit by Rick Nash and loses puck.
1:15 of 2nd period - Snap shot by Pierre-Edouard Bellemare.
1:15 of 2nd period - Stopped by Allen York without a rebound.
1:16 of 2nd period - Mika Zibanejad wins face-off versus Melker Karlsson in Canadiens zone.
1:16 of 2nd period - Mika Zibanejad is hit by Melker Karlsson.
1:52 of 2nd period - Rick Nash is hit by Jean-Gabriel Pageau and loses puck.
2:36 of 2nd period - Yann Sauvé is hit by Cam Fowler and loses puck.
2:49 of 2nd period - Sergei Plotnikov is hit by Nick Spaling and loses puck.
4:21 of 2nd period - Wrist shot by Rick Nash.
4:21 of 2nd period - Shot Misses the Net.
4:31 of 2nd period - Snap shot by Vladimir Tarasenko.
4:31 of 2nd period - Shot Blocked by Greg Stewart.
4:43 of 2nd period - Wrist shot by Steve Downie.
4:43 of 2nd period - Stopped by Julien Ellis with a rebound.
5:56 of 2nd period - Snap shot by Brock McGinn.
5:56 of 2nd period - Stopped by Allen York without a rebound.
5:57 of 2nd period - Jean-Gabriel Pageau wins face-off versus Frans Nielsen in Canadiens zone.
6:12 of 2nd period - Slapshot by Brock McGinn.
6:12 of 2nd period - Stopped by Allen York with a rebound.
6:22 of 2nd period - Nikita Zadorov is hit by John Carlson and loses puck.
6:29 of 2nd period - Wrist shot by Steve Downie.
6:29 of 2nd period - Deflect By Greg Stewart.
6:29 of 2nd period - Stopped by Julien Ellis with a rebound.
6:37 of 2nd period - Wrist shot by Brock McGinn.
6:37 of 2nd period - Stopped by Allen York without a rebound.
6:38 of 2nd period - William Karlsson wins face-off versus Chris Kreider in Canadiens zone.
7:12 of 2nd period - Slapshot by Ryan Ellis.
7:12 of 2nd period - Shot Misses the Net.
7:14 of 2nd period - Wrist shot by Sergei Plotnikov.
7:14 of 2nd period - Goal by Sergei Plotnikov - Canadiens : 4 - Islanders : 2.
7:15 of 2nd period - Frans Nielsen wins face-off versus Greg Stewart in neutral zone.
7:30 of 2nd period - Snap shot by Jean-Gabriel Pageau.
7:30 of 2nd period - Shot Misses the Net.
7:32 of 2nd period - Wrist shot by Steve Downie.
7:32 of 2nd period - Goal by Steve Downie - Canadiens : 5 - Islanders : 2.
7:33 of 2nd period - Mika Zibanejad wins face-off versus Frans Nielsen in neutral zone.
7:38 of 2nd period - Snap shot by Chris Kreider.
7:38 of 2nd period - Stopped by Julien Ellis without a rebound.
7:39 of 2nd period - Frans Nielsen wins face-off versus Mika Zibanejad in Islanders zone.
8:10 of 2nd period - Greg Stewart is hit by William Karlsson and loses puck.
8:17 of 2nd period - Snap shot by Rick Nash.
8:17 of 2nd period - Shot Misses the Net.
8:26 of 2nd period - John Carlson is hit by Fedor Tyutin and loses puck.
8:38 of 2nd period - Minor Penalty to Fedor Tyutin for Slashing.
8:39 of 2nd period - Mika Zibanejad wins face-off versus Vladimir Tarasenko in Islanders zone.
9:05 of 2nd period - Jean-Gabriel Pageau is hit by Rick Nash and loses puck.
10:04 of 2nd period - Chris Kreider is hit by Frans Nielsen and loses puck.
10:38 of 2nd period - Penalty to Fedor Tyutin is over, Fedor Tyutin is back on ice.
10:48 of 2nd period - Wrist shot by Andrew Shaw.
10:48 of 2nd period - Goal by Andrew Shaw - Canadiens : 5 - Islanders : 3.
10:49 of 2nd period - Dave Bolland wins face-off versus Frans Nielsen in neutral zone.
10:52 of 2nd period - Ryan Ellis is hit by Dave Bolland and loses puck.
11:15 of 2nd period - Ryan Ellis is hit by Mika Zibanejad and loses puck.
11:34 of 2nd period - Minor Penalty to Rick Nash for Slashing.
11:35 of 2nd period - Vladimir Tarasenko wins face-off versus Mika Zibanejad in Islanders zone.
11:48 of 2nd period - Slapshot by Cam Fowler.
11:48 of 2nd period - Shot Misses the Net.
12:57 of 2nd period - Mika Zibanejad is hit by Frans Nielsen and loses puck.
13:34 of 2nd period - Penalty to Rick Nash is over, Rick Nash is back on ice.
13:57 of 2nd period - Snap shot by Jordan Szwarz.
13:57 of 2nd period - Stopped by Julien Ellis with a rebound.
13:59 of 2nd period - Snap shot by Nick Spaling.
13:59 of 2nd period - Stopped by Julien Ellis with a rebound.
14:49 of 2nd period - Minor Penalty to Craig Smith for Hooking.
14:50 of 2nd period - Chris Kreider wins face-off versus Vladimir Tarasenko in Islanders zone.
15:01 of 2nd period - Wrist shot by Mika Zibanejad.
15:01 of 2nd period - Stopped by Julien Ellis without a rebound.
15:02 of 2nd period - Frans Nielsen wins face-off versus Mika Zibanejad in Islanders zone.
15:17 of 2nd period - Rick Nash is hit by Phil Kessel and loses puck.
16:06 of 2nd period - Ryan Ellis is hit by Mika Zibanejad and loses puck.
16:27 of 2nd period - Jean-Gabriel Pageau is hit by Frans Nielsen and loses puck.
16:44 of 2nd period - Minor Penalty to John Carlson for Hooking.
16:45 of 2nd period - Jean-Gabriel Pageau wins face-off versus Vladimir Tarasenko in Canadiens zone.
16:49 of 2nd period - Penalty to Craig Smith is over, Craig Smith is back on ice.
16:53 of 2nd period - Off-side.
16:54 of 2nd period - Jean-Gabriel Pageau wins face-off versus Frans Nielsen in neutral zone.
17:18 of 2nd period - Chris Kreider is hit by Sergei Plotnikov and loses puck.
17:23 of 2nd period - Snap shot by Sergei Plotnikov.
17:23 of 2nd period - Shot Blocked by Mark Stuart.
17:29 of 2nd period - Wrist shot by William Karlsson.
17:29 of 2nd period - Goal by William Karlsson - Canadiens : 5 - Islanders : 4.
17:30 of 2nd period - Frans Nielsen wins face-off versus Dave Bolland in neutral zone.
18:06 of 2nd period - Wrist shot by Jean-Gabriel Pageau.
18:06 of 2nd period - Stopped by Julien Ellis with a rebound.
18:08 of 2nd period - Slapshot by Jean-Gabriel Pageau.
18:08 of 2nd period - Shot Misses the Net.
18:10 of 2nd period - Wrist shot by Jean-Gabriel Pageau.
18:10 of 2nd period - Stopped by Julien Ellis without a rebound.
18:11 of 2nd period - Mika Zibanejad wins face-off versus Melker Karlsson in Islanders zone.
18:15 of 2nd period - Minor Penalty to Melker Karlsson for High sticking.
18:16 of 2nd period - Vladimir Tarasenko wins face-off versus Jean-Gabriel Pageau in Islanders zone.
18:16 of 2nd period - Vladimir Tarasenko is hit by Jean-Gabriel Pageau.
18:27 of 2nd period - Slapshot by Steve Downie.
18:27 of 2nd period - Shot Blocked by Ryan Ellis.
18:29 of 2nd period - Wrist shot by Greg Stewart.
18:29 of 2nd period - Stopped by Julien Ellis with a rebound.
18:31 of 2nd period - Wrist shot by Steve Downie.
18:31 of 2nd period - Shot Misses the Net.
18:45 of 2nd period - Snap shot by Greg Stewart.
18:45 of 2nd period - Stopped by Julien Ellis with a rebound.
18:47 of 2nd period - Snap shot by Jean-Gabriel Pageau.
18:47 of 2nd period - Stopped by Julien Ellis with a rebound.
19:03 of 2nd period - Backhand shot by Steve Downie.
19:03 of 2nd period - Stopped by Julien Ellis without a rebound.
19:04 of 2nd period - Vladimir Tarasenko wins face-off versus Mika Zibanejad in Islanders zone.
19:46 of 2nd period - Icing by Steve Downie.
19:47 of 2nd period - Frans Nielsen wins face-off versus Jean-Gabriel Pageau in Canadiens zone.
Goals for this period are 2 for Canadiens vs 3 for Islanders.
Shots for this period are 14 for Canadiens vs 13 for Islanders.
3rd period
0:01 of 3rd period - Mika Zibanejad wins face-off versus Vladimir Tarasenko in neutral zone.
0:04 of 3rd period - Slapshot by Bryce Lampman.
0:04 of 3rd period - Shot Misses the Net.
0:06 of 3rd period - Wrist shot by Mark Stuart.
0:06 of 3rd period - Shot Blocked by Ryan Ellis.
0:15 of 3rd period - Penalty to Melker Karlsson is over, Melker Karlsson is back on ice.
0:28 of 3rd period - Backhand shot by Chris Kreider.
0:28 of 3rd period - Goal by Chris Kreider - Canadiens : 6 - Islanders : 4.
0:29 of 3rd period - Frans Nielsen wins face-off versus Greg Stewart in neutral zone.
1:11 of 3rd period - Snap shot by Vladimir Tarasenko.
1:11 of 3rd period - Goal by Vladimir Tarasenko - Canadiens : 6 - Islanders : 5.
1:12 of 3rd period - William Karlsson wins face-off versus Mika Zibanejad in neutral zone.
1:30 of 3rd period - Minor Penalty to Phil Kessel for Hooking.
1:31 of 3rd period - Jean-Gabriel Pageau wins face-off versus Frans Nielsen in Canadiens zone.
3:30 of 3rd period - Penalty to Phil Kessel is over, Phil Kessel is back on ice.
3:31 of 3rd period - Snap shot by Phil Kessel.
3:31 of 3rd period - Shot Misses the Net.
3:41 of 3rd period - Dave Bolland is hit by Craig Smith and loses puck.
4:08 of 3rd period - Melker Karlsson is hit by John Carlson and loses puck.
4:21 of 3rd period - Rick Nash is hit by Steve Downie and loses puck.
5:35 of 3rd period - William Karlsson is hit by Greg Stewart and loses puck.
5:52 of 3rd period - Andrew Shaw is hit by Mats Zuccarello and loses puck.
6:14 of 3rd period - Minor Penalty to Nick Spaling for Interference.
6:15 of 3rd period - Jean-Gabriel Pageau wins face-off versus Frans Nielsen in Canadiens zone.
6:20 of 3rd period - Slapshot by Chris Kreider.
6:20 of 3rd period - Stopped by Julien Ellis without a rebound.
6:21 of 3rd period - Jean-Gabriel Pageau wins face-off versus Frans Nielsen in Islanders zone.
6:28 of 3rd period - Cam Fowler is hit by Ryan Ellis and loses puck.
7:41 of 3rd period - Dave Bolland is hit by Brock McGinn and loses puck.
8:14 of 3rd period - Penalty to Nick Spaling is over, Nick Spaling is back on ice.
8:24 of 3rd period - Snap shot by Jean-Gabriel Pageau.
8:24 of 3rd period - Stopped by Julien Ellis with a rebound.
8:38 of 3rd period - Chris Kreider is hit by Yann Sauvé.
8:43 of 3rd period - Icing by Chris Kreider.
8:44 of 3rd period - Jean-Gabriel Pageau wins face-off versus William Karlsson in Canadiens zone.
8:44 of 3rd period - Jean-Gabriel Pageau is hit by Nikita Zadorov.
9:08 of 3rd period - Wrist shot by Jean-Gabriel Pageau.
9:08 of 3rd period - Shot Blocked by Fedor Tyutin.
9:10 of 3rd period - Wrist shot by Bryce Lampman.
9:10 of 3rd period - Deflect By Fedor Tyutin.
9:10 of 3rd period - Stopped by Julien Ellis without a rebound.
9:11 of 3rd period - Dave Bolland wins face-off versus Melker Karlsson in Islanders zone.
9:26 of 3rd period - Wrist shot by Craig Smith.
9:26 of 3rd period - Shot Misses the Net.
9:28 of 3rd period - Wrist shot by Melker Karlsson.
9:28 of 3rd period - Shot Misses the Net.
10:27 of 3rd period - Mark Stuart is hit by William Karlsson and loses puck.
10:46 of 3rd period - Snap shot by Michael Latta.
10:46 of 3rd period - Stopped by Allen York without a rebound.
10:47 of 3rd period - Michael Latta wins face-off versus Mika Zibanejad in Canadiens zone.
11:13 of 3rd period - Mika Zibanejad is hit by Zac Rinaldo and loses puck.
11:29 of 3rd period - Snap shot by Mika Zibanejad.
11:29 of 3rd period - Shot Misses the Net.
11:49 of 3rd period - Snap shot by Zac Rinaldo.
11:49 of 3rd period - Deflect By Michael Latta.
11:49 of 3rd period - Shot Blocked by Bryce Lampman.
11:49 of 3rd period - Puck is out of play.
11:50 of 3rd period - William Karlsson wins face-off versus Jean-Gabriel Pageau in Canadiens zone.
11:55 of 3rd period - Snap shot by Rick Nash.
11:55 of 3rd period - Stopped by Allen York with a rebound.
11:57 of 3rd period - Snap shot by William Karlsson.
11:57 of 3rd period - Shot Misses the Net.
11:59 of 3rd period - Backhand shot by Yann Sauvé.
11:59 of 3rd period - Stopped by Allen York without a rebound.
12:00 of 3rd period - William Karlsson wins face-off versus Jean-Gabriel Pageau in Canadiens zone.
12:23 of 3rd period - Wrist shot by Rick Nash.
12:23 of 3rd period - Shot Misses the Net.
12:25 of 3rd period - Slapshot by Yann Sauvé.
12:25 of 3rd period - Stopped by Allen York without a rebound.
12:26 of 3rd period - Frans Nielsen wins face-off versus Dave Bolland in Canadiens zone.
12:38 of 3rd period - Icing by Brock McGinn.
12:39 of 3rd period - Jean-Gabriel Pageau wins face-off versus Frans Nielsen in Islanders zone.
12:44 of 3rd period - Slapshot by Greg Stewart.
12:44 of 3rd period - Goal by Greg Stewart - Canadiens : 7 - Islanders : 5.
12:45 of 3rd period - Greg Stewart wins face-off versus Frans Nielsen in neutral zone.
12:58 of 3rd period - Slapshot by Greg Stewart.
12:58 of 3rd period - Deflect By Steve Downie.
12:58 of 3rd period - Shot Blocked by Yann Sauvé.
12:58 of 3rd period - Puck is out of play.
12:59 of 3rd period - Jean-Gabriel Pageau wins face-off versus Frans Nielsen in Islanders zone.
13:25 of 3rd period - Wrist shot by William Karlsson.
13:25 of 3rd period - Stopped by Allen York without a rebound.
13:26 of 3rd period - William Karlsson wins face-off versus Mika Zibanejad in Canadiens zone.
13:27 of 3rd period - Backhand shot by Rick Nash.
13:27 of 3rd period - Shot Misses the Net.
13:49 of 3rd period - Snap shot by Chris Kreider.
13:49 of 3rd period - Deflect By Rick Nash.
13:49 of 3rd period - Shot Misses the Net.
13:49 of 3rd period - Puck is out of play.
13:50 of 3rd period - Frans Nielsen wins face-off versus Jean-Gabriel Pageau in Islanders zone.
14:01 of 3rd period - Wrist shot by Vladimir Tarasenko.
14:01 of 3rd period - Stopped by Allen York with a rebound.
14:17 of 3rd period - John Carlson is hit by Yann Sauvé and loses puck.
14:22 of 3rd period - Wrist shot by Sergei Plotnikov.
14:22 of 3rd period - Goal by Sergei Plotnikov - Canadiens : 7 - Islanders : 6.
14:23 of 3rd period - Frans Nielsen wins face-off versus Jean-Gabriel Pageau in neutral zone.
14:30 of 3rd period - Slapshot by Ryan Ellis.
14:30 of 3rd period - Shot Blocked by Mark Stuart.
14:32 of 3rd period - Slapshot by Ryan Ellis.
14:32 of 3rd period - Shot Misses the Net.
14:34 of 3rd period - Wrist shot by Brock McGinn.
14:34 of 3rd period - Stopped by Allen York with a rebound.
15:01 of 3rd period - Snap shot by Cam Fowler.
15:01 of 3rd period - Shot Misses the Net.
15:15 of 3rd period - Daniel Carcillo is hit by Fedor Tyutin and loses puck.
15:33 of 3rd period - Minor Penalty to Bryce Lampman for High sticking.
15:34 of 3rd period - Frans Nielsen wins face-off versus Chris Kreider in Canadiens zone.
15:34 of 3rd period - Snap shot by Vladimir Tarasenko.
15:34 of 3rd period - Shot Misses the Net.
15:36 of 3rd period - Slapshot by Yann Sauvé.
15:36 of 3rd period - Stopped by Allen York without a rebound.
15:37 of 3rd period - Jean-Gabriel Pageau wins face-off versus Brock McGinn in Canadiens zone.
17:33 of 3rd period - Penalty to Bryce Lampman is over, Bryce Lampman is back on ice.
17:47 of 3rd period - Fedor Tyutin is hit by Steve Downie and loses puck.
18:54 of 3rd period - Slapshot by Philip Larsen.
18:54 of 3rd period - Shot Blocked by Zac Rinaldo.
19:02 of 3rd period - Islanders, Julien Ellis is pulled from the net.
19:02 of 3rd period - Snap shot by Vladimir Tarasenko.
19:02 of 3rd period - Stopped by Allen York without a rebound.
19:03 of 3rd period - Jacques Martin call a timeout for Islanders.
19:03 of 3rd period - Frans Nielsen wins face-off versus Mika Zibanejad in Canadiens zone.
19:14 of 3rd period - Slapshot by Frans Nielsen.
19:14 of 3rd period - Shot Misses the Net.
19:23 of 3rd period - Minor Penalty to Cam Fowler for Cross-checking.
19:24 of 3rd period - Frans Nielsen wins face-off versus Jean-Gabriel Pageau in Canadiens zone.
19:28 of 3rd period - Slapshot by Ryan Ellis.
19:28 of 3rd period - Stopped by Allen York without a rebound.
19:29 of 3rd period - Jean-Gabriel Pageau wins face-off versus Frans Nielsen in Canadiens zone.
Goals for this period are 2 for Canadiens vs 2 for Islanders.
Shots for this period are 5 for Canadiens vs 12 for Islanders.